 Dungeon Crawl Stone Soup version 0.29.0-10-g45618ea6d2 (webtiles) character file.

Game seed: 18190308626538456349

11 NinjaNoafa the Twirler (level 2, -1/20 HPs)
             Began as a Meteoran Wanderer on Sept 1, 2022.
             Slain by a kobold
             ... wielding a +0 short sword
              (3 damage)
             ... on level 1 of the Dungeon.
             The game lasted 00:01:57 (211 turns).

NinjaNoafa the Twirler (Meteoran Wanderer)           Turns: 211, Time: 00:01:57

Health: -1/20      AC:  2    Str: 12    XL:     2   Next: 52%
Magic:  1/5        EV: 11    Int: 12    God:
Gold:   11         SH:  0    Dex: 15    Spells: 2/3 levels left

rFire   . . .      SeeInvis .   a - +0 quarterstaff (vorpal)
rCold   . . .      Faith    +   (shield currently unavailable)
rNeg    . . .      Spirit   .   d - +0 robe
rPois   .          Reflect  .   (no helmet)
rElec   .          Harm     .   (no cloak)
rCorr   .          Rampage  .   (no gloves)
Will    .....                   (no boots)
Stlth   +.........              e - amulet of faith
HPRegen 0.06/turn               (no ring)
MPRegen 0.09/turn               (no ring)

@: very slightly contaminated, glowing
A: sense surroundings 1, otherworldly, glowing, explore regen
a: no special abilities


You were on level 1 of the Dungeon.
You visited 1 branch of the dungeon, and saw 1 of its levels.

You collected 11 gold pieces.

Inventory:

Hand Weapons
 a - a +0 vorpal quarterstaff (weapon)
Missiles
 f - 6 poisoned darts
Armour
 d - a +0 robe (worn)
 i - a +0 kite shield
Jewellery
 e - an amulet of faith (around neck)
Wands
 b - a wand of polymorph (6)
Scrolls
 c - a scroll of teleportation
Potions
 g - a potion of cancellation {unknown}
 h - a potion of curing {unknown}


   Skills:
 - Level 6.0 Staves
 - Level 1.3 Spellcasting
 + Level 2.7 Summonings
 - Level 1.2 Invocations
 - Level 2.4 Evocations


You had 2 spell levels left.
You knew the following spells:

 Your Spells              Type           Power      Damage    Failure   Level
a - Summon Small Mammal   Summ           28%        N/A       10%         1

Your spell library contained the following spells:

 Spells                   Type           Power      Damage    Failure   Level
 Summon Guardian Golem    Hex/Summ       4%         N/A       45%         3


Dungeon Overview and Level Annotations

Branches:
Dungeon (1/15) Zot: 389

Altars:


Innate Abilities, Weirdness & Mutations

You passively map a small area around you.
You are easily found by Zot.
You glow in the dark.
You regain HP and MP as you explore.


Message History

Your bat hits the kobold. The kobold hits you but does no damage.
Your bat barely misses the kobold.
Your bat hits the kobold but does no damage.
Your bat closely misses the kobold.
The goblin hits your bat with a +0 club.
Your bat dies!
Your bat's corpse disappears in a puff of smoke!
Your bat barely misses the kobold.
The kobold hits you with a +0 short sword.
You closely miss the kobold.
The kobold is moderately wounded.
Your bat hits the kobold but does no damage.
Your bat hits the kobold. The kobold closely misses you.
Your bat closely misses the kobold.
You hit the kobold but do no damage.
The kobold is heavily wounded.
Your bat hits the kobold but does no damage. x2
The goblin hits you with a +0 club.
You miscast Summon Small Mammal.
You are very lightly contaminated with residual magic.
Nothing appears to happen.
Your bat barely misses the kobold.
Your bat closely misses the kobold.
The goblin hits you with a +0 club.
The kobold hits your bat with a +0 short sword.
Your bat dies!
Your bat's corpse disappears in a puff of smoke!
The kobold shouts!
You miscast Summon Small Mammal.
Nothing appears to happen.
The goblin hits you with a +0 club.
Casting: Summon Small Mammal (safe; 10% risk of failure)
Confirm with . or Enter, or press ? or * to list all spells.
The kobold closely misses you. The goblin hits you but does no damage.
Your bat hits the goblin. x2; The goblin hits you but does no damage.
The kobold hits you with a +0 short sword.
* * * LOW HITPOINT WARNING * * *
Your bat closely misses the goblin.
The kobold hits you with a +0 short sword.
* * * LOW HITPOINT WARNING * * *
The kobold attacks as you move away!
The kobold hits you with a +0 short sword.
You die...

##>, ,, , , ...)....# ..,* *
, , , #.......# #* , ,,,
#.......# # #.......#
######## * * ###.......#
........ , ,.....b...#
.####### * #.......# ..##
####g......# #..#
#..@K......# ##.#
##.########## #.# ##..# #.#
##..## #.# #..## ######## #.#
#.## ######......#
#.########.######........####
##...[...............)#####
.........##.####.######


You could see a goblin (ally target), a kobold and a friendly bat (summoned).

Vanquished Creatures
  2 endoplasms (D:1)
  A goblin (D:1)
  2 kobolds (D:1)
  A quokka (D:1)
  2 ball pythons (D:1)
  A bat (D:1)
9 creatures vanquished.

Notes
Turn   | Place    | Note
-------+----------+-------------------------------------------
     0 | D:1      | NinjaNoafa the Meteoran Wanderer began the quest for the
                  | Orb.
     0 | D:1      | NinjaNoafa set off with the following items: a +0 vorpal
                  | quarterstaff, a wand of polymorph (6), a scroll of
                  | teleportation, a +0 robe; and the following spell
                  | memorised: Summon Small Mammal; and the following spells
                  | available to memorise: Summon Guardian Golem.
     0 | D:1      | Reached XP level 1. HP: 14/14 MP: 3/3
    89 | D:1      | Reached XP level 2. HP: 7/20 MP: 5/5
   211 | D:1      | Slain by a kobold

Illustrated notes

Levels and vault maps discovered:
D:1:      minmay_arrival_loop, layout_rooms

Skill      XL: |  1 |
---------------+----+-----
Summonings     | 2 |  2.7
Staves         | |  6.0
Spellcasting   | |  1.3
Invocations    | |  1.2
Evocations     | |  2.4

Action                   || total
-------------------------++-------
Melee: Quarterstaff      ||    25
 Cast: Summon Small Mamm ||     4
Armor: Robe              ||     6
Dodge: Dodged            ||    12
